 Dungeon Crawl Stone Soup version 0.28.0-45-g0d030f2227 (webtiles) character file.

Game seed: 8824454378487840013

93 McKennaii the Skirmisher (level 4, -2/36 HPs)
             Began as a Demonspawn Fighter on Apr 6, 2022.
             Slain by a gnoll
             ... wielding a +0 halberd
              (10 damage)
             ... on level 2 of the Dungeon.
             The game lasted 00:03:42 (2031 turns).

McKennaii the Skirmisher (Demonspawn Fighter)       Turns: 2031, Time: 00:03:42

Health: -2/36      AC:  8    Str: 18    XL:     4   Next: 36%
Magic:  4/4        EV:  9    Int:  9    God:
Gold:   36         SH:  4    Dex: 13    Spells: 3/3 levels left

rFire   . . .      SeeInvis .   a - +0 trident
rCold   . . .      Faith    .   c - +0 buckler
rNeg    . . .      Spirit   .   b - +0 scale mail
rPois   .          Reflect  .   e - +0 helmet
rElec   .          Harm     .   (no cloak)
rCorr   .          Rampage  .   (no gloves)
Will    .....                   (no boots)
Stlth   ..........              (no amulet)
HPRegen 0.12/turn               (no ring)
MPRegen 0.09/turn               (no ring)

@: no status effects
A: powered by pain 1, demonic magic 1
a: no special abilities


You were on level 2 of the Dungeon.
You visited 1 branch of the dungeon, and saw 2 of its levels.

You collected 47 gold pieces.
You spent 11 gold pieces at shops.

Inventory:

Hand Weapons
 a - a +0 trident (weapon)
Armour
 b - a +0 scale mail (worn)
 c - a +0 buckler (worn)
 e - a +0 helmet (worn)
Scrolls
 f - a scroll of enchant armour {unknown}
 g - a scroll of silence {unknown}
 i - a scroll of enchant weapon {unknown}
 k - 2 scrolls of identify {unknown}
 n - a scroll of noise {unknown}
Potions
 d - a potion of might
 h - a potion of brilliance {unknown}
 j - a potion of flight {unknown}
 l - a potion of haste {unknown}
 m - a potion of curing {unknown}


   Skills:
 + Level 3.6 Fighting
 + Level 2.5 Polearms
 + Level 3.3 Armour
 + Level 3.3 Shields


You had 3 spell levels left.
You didn't know any spells.
Your spell library was empty.

Dungeon Overview and Level Annotations

Branches:
Dungeon (2/15)

Altars:

Shops:
D:2 *(((=


Innate Abilities, Weirdness & Mutations

You sometimes gain a little power by taking damage.
Spells you cast may paralyse adjacent enemies.


Message History

The gnoll hits you with a +1 flail of protection.
The gnoll shaman calls upon its god to heal the gnoll.
The gnoll is healed somewhat.
You barely miss the gnoll.
The gnoll is moderately wounded.
The gnoll hits you with a +1 flail of protection.
The gnoll closely misses you. You block the gnoll's attack.
You hit the gnoll but do no damage.
The gnoll is moderately wounded.
The gnoll shaman barely misses you. The gnoll barely misses you.
The gnoll hits you with a +1 flail of protection.
You hit the gnoll.
The gnoll is heavily wounded.
The gnoll shaman closely misses you. The gnoll closely misses you.
You block the gnoll's attack. The gnoll shaman closely misses you.
You puncture the gnoll!
You kill the gnoll!
The gnoll hits you from afar with a +0 halberd.
The gnoll shaman calls upon its god to speed up the gnoll.
The gnoll seems to speed up.
The gnoll hits you but does no damage.
You are too injured to fight recklessly!
You are too injured to fight recklessly!
You are too injured to fight recklessly!
You are too injured to fight recklessly!
You are too injured to fight recklessly!
You are too injured to fight recklessly!
You are too injured to fight recklessly!
You are too injured to fight recklessly!
You are too injured to fight recklessly!
You are too injured to fight recklessly!
You are too injured to fight recklessly!
You are too injured to fight recklessly!
Unknown command.
The gnoll shaman hits you with a +0 club!
* * * LOW HITPOINT WARNING * * *
You block the gnoll's attack.
The gnoll hits you from afar with a +0 halberd.
* * * LOW HITPOINT WARNING * * *
The gnoll hits you from afar with a +0 halberd!
You die...

.........# #.#
.#....##.# #.#
.......#.####### #.#
..#.)..#.......## #.#
#.#....#######..##
##.# ....#.##
#...###..# ....#.#
#.8.8.8.## ...##.#
##.⌠.⌠..# ....#.####
##8@∩.8.#
#.#.#....#####.g⌠.⌠..#
#.#.####......g8.8.8.#
#.#.# ####.########.#
#.#.# #.# #g# #.#.#
#.# #g# ..#.# #.# #.#
###.# #.# #.## #..
#..#


You could see a gnoll shaman and a gnoll (fast).

Vanquished Creatures
  4 gnolls
  2 adders (D:2)
  A dart slug (D:1)
  An endoplasm (D:2)
  2 giant cockroaches (D:2)
  2 goblins (D:1)
  3 hobgoblins
  A quokka (D:1)
  5 ball pythons
  6 bats
  3 frilled lizards
  5 kobolds
  2 rats (D:1)
37 creatures vanquished.

Notes
Turn   | Place    | Note
-------+----------+-------------------------------------------
     0 | D:1      | McKennaii the Demonspawn Fighter began the quest for the
                  | Orb.
     0 | D:1      | Reached XP level 1. HP: 18/18 MP: 1/1
   288 | D:1      | Gained mutation: Spells you cast may paralyse adjacent
                  | enemies. [demonic ancestry]
   288 | D:1      | Reached XP level 2. HP: 24/24 MP: 2/2
   868 | D:2      | Found Moemozo's Weapon Shoppe.
   878 | D:2      | Reached XP level 3. HP: 29/29 MP: 3/3
   924 | D:2      | Found Exarab's Antique Weapon Shoppe.
   945 | D:2      | Found Tuah's General Store.
   950 | D:2      | Bought a potion of degeneration for 11 gold pieces
   969 | D:2      | Found Wuchov's Jewellery Boutique.
  1000 | D:2      | Found Tairph's Weapon Shoppe.
  1528 | D:1      | Gained mutation: You sometimes gain a little power by
                  | taking damage. [demonic ancestry]
  1528 | D:1      | Reached XP level 4. HP: 17/35 MP: 4/4
  2031 | D:2      | Slain by a gnoll

Illustrated notes

Levels and vault maps discovered:
D:1:      wander_arrival_estate, layout_rooms, minmay_shallow_snake_nest
D:2:      layout_loops_ring, hellmonk_ecumenical_altar_pennies_from_heaven,
          serial_shops, nicolae_shop_advertising_works
          [nicolae_subvault_shop_adworks], shop, nicolae_diamond_shop, shop,
          nicolae_shop_temple_entry_statues_fountains,
          hangedman_abyss_or_decor_lesser_grid

Skill      XL: |  1  2 |
---------------+-------+-----
Polearms       | 2 |  2.5
Shields        | 3 |  3.3
Armour         | 3 |  3.3
Fighting       | |  3.6

Action                   |  1- 3 |  4- 6 || total
-------------------------+-------+-------++-------
Melee: Trident           |   114 |    24 ||   138
Armor: Scale mail        |    55 |    11 ||    66
Dodge: Dodged            |    45 |    10 ||    55
Block: Buckler           |    23 |     7 ||    30
